 Dungeon Crawl Stone Soup version 0.25-a0-98-g0cf78c2f83 (webtiles) character file.

Game seed: 17908379689468465103, levelgen mode: deterministic

58 Roikka the Grave Robber (level 3, -6/24 HPs)
             Began as a Vampire Necromancer on Nov 13, 2019.
             Mangled by a killer bee zombie (8 damage)
             ... on level 3 of the Dungeon.
             The game lasted 00:03:42 (1484 turns).

Roikka the Grave Robber (Vampire Necromancer)       Turns: 1484, Time: 00:03:43

Health: -6/24      AC:  2    Str:  7    XL:     3   Next: 76%
Magic:  6/6        EV: 13    Int: 18    God:
Gold:   153        SH:  0    Dex: 14    Spells: 1/6 levels left

rFire    . . .     SeeInvis +   f - +0 dagger
rCold    . . .     Gourm    .   (no shield)
rNeg     . . .     Faith    .   a - +0 robe
rPois    .         Spirit   .   (no helmet)
rElec    .         Reflect  .   (no cloak)
rCorr    .         Harm     .   (no gloves)
MR       .....                  (no boots)
Stlth    +++.......             (no amulet)
HPRegen  0.28/turn              (no ring)
MPRegen  0.10/turn              (no ring)

@: regenerating quickly
A: no food, fangs 3, see invisible, unbreathing
a: Exsanguinate


You were on level 3 of the Dungeon.
You were alive.

You visited 1 branch of the dungeon, and saw 3 of its levels.

You collected 153 gold pieces.

Inventory:

Hand Weapons
 f - a +0 dagger (weapon)
Armour
 a - a +0 robe (worn)
Jewellery
 d - an uncursed amulet of the gourmand {unknown}
Scrolls
 b - 3 scrolls of teleportation {unknown}
 c - a scroll of blinking {unknown}
 e - 2 scrolls of identify {unknown}
 g - a scroll of remove curse {unknown}
 l - a scroll of amnesia {unknown}
 m - a scroll of magic mapping {unknown}
Potions
 h - a potion of haste {unknown}
 i - a potion of flight {unknown}
 j - a potion of curing {unknown}
 k - a potion of cancellation {unknown}
 n - a potion of brilliance {unknown}


   Skills:
 + Level 2.7 Dodging
 + Level 3.9 Stealth
 + Level 2.4 Spellcasting
 * Level 5.1 Necromancy


You had one spell level left.
You knew the following spells:

 Your Spells              Type           Power        Failure   Level  Hunger
a - Pain                  Necr           ###.         1%          1    N/A
b - Animate Skeleton      Necr           N/A          1%          1    N/A
c - Vampiric Draining     Necr           ###.......   6%          3    N/A

Your spell library contained the following spells:

 Spells                   Type           Power        Failure   Level  Hunger
 Regeneration             Chrm/Necr      ##........   19%         3    N/A
 Animate Dead             Necr           N/A          21%         4    N/A

Dungeon Overview and Level Annotations

Branches:
Dungeon (3/15)

Altars:
Vehumet


Innate Abilities, Weirdness & Mutations

You do not eat.
Your natural rate of healing is unusually fast.
You have razor-sharp teeth.
You have supernaturally acute eyesight. (SInv)
You can survive without breathing.


Message History

Your frilled lizard skeleton closely misses the killer bee zombie.
You closely miss the killer bee zombie.
The killer bee zombie is severely damaged.
The killer bee zombie hits you.
* * * LOW HITPOINT WARNING * * *
The killer bee zombie barely misses you.
Your frilled lizard skeleton bites the killer bee zombie.
The killer bee zombie hits you.
* * * LOW HITPOINT WARNING * * *
You hit the killer bee zombie but do no damage.
The killer bee zombie is severely damaged.
The killer bee zombie hits you.
* * * LOW HITPOINT WARNING * * *
The jackal bites your frilled lizard skeleton.
Your frilled lizard skeleton misses the jackal.
The jackal barely misses your frilled lizard skeleton.
The killer bee zombie barely misses you.
Your frilled lizard skeleton closely misses the jackal.
The killer bee zombie hits you!
You die...

..............#..#........
....###...#......#........
..........##.##...........
....##.......#...#.......(
.. ##......#...#........
#....#>.............
#....###......%.....
###...##...#.#####.#.#
#....@.....#. .....
##.##.Z......$ #..#
#..#%.h....... ..###
#.##.Z.......# #.#..
#.###.....>..#.####...#
#.##.................##
#.#.........#........<.
....#.........##....%..
#.#..........## #.......


You could see a killer bee zombie, a jackal and a friendly frilled lizard
skeleton.

Vanquished Creatures
  2 adders (D:3)
  A dart slug (D:3)
  A leopard gecko (D:3)
  3 bats
  4 giant cockroaches
  7 goblins
  4 hobgoblins
  4 frilled lizards
  4 kobolds
  5 rats
35 creatures vanquished.

Vanquished Creatures (collateral kills)
  A hobgoblin (D:3)
  A frilled lizard (D:3)
2 creatures vanquished.

Grand Total: 37 creatures vanquished

Notes
Turn   | Place    | Note
-------+----------+-------------------------------------------
     0 | D:1      | Roikka the Vampire Necromancer began the quest for the Orb.
     0 | D:1      | Reached XP level 1. HP: 13/13 MP: 3/3
   192 | D:1      | Learned a level 1 spell: Animate Skeleton
   259 | D:1      | Reached XP level 2. HP: 19/19 MP: 5/5
   959 | D:2      | Found a radiant altar of Vehumet.
  1256 | D:3      | Reached XP level 3. HP: 24/24 MP: 4/6
  1338 | D:3      | Reached skill level 5 in Necromancy
  1344 | D:3      | Learned a level 3 spell: Vampiric Draining
  1484 | D:3      | Mangled by a killer bee zombie

Levels and vault maps discovered:
D:1:      beargit_arrival_greenhouse, layout_loops_ring
D:2:      layout_loops_cross, vehumet_crystals, minmay_pentomino_s2
D:3:      layout_rooms, first_ration,
          nicolae_gozag_cash_rules_everything_around_me

Skill      XL: |  1  2  3 |
---------------+----------+-----
Necromancy     | 5 |  5.1
Dodging        | |  2.7
Stealth        | |  3.9
Spellcasting   | |  2.4

Action                   || total
-------------------------++-------
Melee: Unarmed           ||    44
       Bite              ||    11
       Dagger            ||    46
 Cast: Pain              ||    28
       Animate Skeleton  ||     9
 Stab: Sleeping          ||     6
Armor: Robe              ||    12
Dodge: Dodged            ||    66

Table legend:
 A = Non-vault XP
 B = Vault XP
 C = Vault XP percentage of total XP
 D = Non-vault monster count
 E = Vault monster count
 F = Vault count percentage of total count
                 A         B        C        D         E       F
            +---------+---------+-------+---------+---------+-------
      Total |      83 |       1 |   1.2 |      36 |       1 |   2.7
            +---------+---------+-------+---------+---------+-------
        D:1 |      19 |       0 |   0.0 |      13 |       0 |   0.0
        D:2 |      20 |       1 |   4.8 |      12 |       1 |   7.7
        D:3 |      44 |       0 |   0.0 |      11 |       0 |   0.0
            +---------+---------+-------+---------+---------+-------
